 Dungeon Crawl Stone Soup version 0.21-a0-584-g185da8e (webtiles) character file.

101 sithsevirus the Gusty (level 4, -1/36 HPs)
             Began as a Draconian Air Elementalist on Dec 20, 2017.
             Was an Initiate of Sif Muna.
             Slain by Syneil's ghost (2 damage)
             ... on level 3 of the Dungeon.
             The game lasted 00:12:31 (2684 turns).

sithsevirus the Gusty (Draconian Air Elementalist)  Turns: 2684, Time: 00:12:32

Health: -1/36      AC:  5    Str: 10    XL:     4   Next: 48%
Magic:  3/7        EV: 12    Int: 15    God:    Sif Muna [......]
Gold:   79         SH:  0    Dex: 13    Spells: 6/7 levels left

rFire    . . .     SeeInvis .   g - -1 short sword (curse)
rCold    . . .     Gourm    .   (no shield)
rNeg     . . .     Faith    .   (armour unavailable)
rPois    .         Spirit   .   (helmet restricted)
rElec    .         Reflect  .   (no cloak)
rCorr    .         Harm     .   (no gloves)
MR       .....                  (no boots)
Stlth    ++........             d - amulet of rage
HPRegen  0.12/turn              (no ring)
MPRegen  0.10/turn              (no ring)

@: no status effects
A: unfitting armour, cold-blooded, AC +5
a: Renounce Religion, Evoke Berserk Rage


You were on level 3 of the Dungeon.
You worshipped Sif Muna.
Sif Muna was noncommittal.
You were hungry.

You visited 1 branch of the dungeon, and saw 3 of its levels.

You collected 79 gold pieces.

Inventory:

Hand Weapons
 f - a +2 dagger of venom
 g - a cursed -1 short sword (weapon)
 h - a +0 spear
Missiles
 e - 59 stones
 m - 8 tomahawks (quivered)
Jewellery
 d - an amulet of rage (around neck)
Scrolls
 i - 2 scrolls of identify
Potions
 c - a potion of curing
 j - a potion of lignification {unknown}
 n - a potion of heal wounds {unknown}
Books
 a - a book of Air

   Spells                             Type                      Level
   a - Shock                          Conjuration/Air              1
   b - Swiftness                      Charms/Air                   2
   c - Static Discharge               Conjuration/Air              3
   d - Airstrike                      Air                          4
   e - Lightning Bolt                 Conjuration/Air              5
Comestibles
 b - 4 rations
 k - 3 chunks of flesh


   Skills:
 + Level 2.0 Fighting
 - Level 1.7 Dodging
 + Level 2.7 Stealth
 - Level 2.0 Spellcasting
 + Level 2.2 Conjurations
 + Level 3.7 Air Magic


You had 6 spell levels left.
You knew the following spells:

 Your Spells              Type           Power        Failure   Level  Hunger
a - Shock                 Conj/Air       ##..         6%          1    #......


Dungeon Overview and Level Annotations

Branches:
Dungeon (3/15)

Altars:
Sif Muna

Annotations:
D:3 Syneil's ghost, amateur SpMo


Innate Abilities, Weirdness & Mutations

Your plain brown scales are hard. (AC +5)
You cannot fit into any form of body armour.
You are cold-blooded and may be slowed by cold attacks.


Message History

Syneil's ghost hits you!
Syneil's ghost hits you but does no damage.
Syneil's ghost closely misses you.
Syneil's ghost hits you but does no damage.
Syneil's ghost hits you but does no damage.
Syneil's ghost hits you. Syneil's ghost hits you. Syneil's ghost hits you.
Syneil's ghost hits you.
Your magical contamination has completely faded away.
Syneil's ghost hits you. Syneil's ghost hits you.
* * * LOW HITPOINT WARNING * * *
Syneil's ghost hits you!
* * * LOW HITPOINT WARNING * * *
Syneil's ghost hits you but does no damage.
Syneil's ghost hits you but does no damage.
There is a stone staircase leading up here.
Syneil's ghost hits you.
You die...

### #.. #.# #.#
#.# # #.# #
#####.# #
#######.....###
#
#.....@W......#
#
#.#####.#####.#
## #.#
#.########. #.#
#.......... #.#
##########. #.#
## #.# # #.#
#.#


You could see Syneil's ghost.

Vanquished Creatures
  4 adders (D:2)
  A worm (D:2)
  4 dart slugs
  2 leopard geckos (D:1)
  An orc (D:2)
  A giant cockroach (D:1)
  5 goblins (D:2)
  3 hobgoblins
  6 jackals
  6 bats
  A frilled lizard (D:1)
  12 kobolds
  8 rats
54 creatures vanquished.

Notes
Turn   | Place    | Note
-------+----------+-------------------------------------------
     0 | D:1      | sithsevirus the Draconian Air Elementalist began the quest for the Orb.
     0 | D:1      | Reached XP level 1. HP: 14/14 MP: 3/3
   399 | D:1      | Reached XP level 2. HP: 18/22 MP: 0/5
   552 | D:1      | Reached skill level 1 in Fighting
  1257 | D:2      | Reached XP level 3. HP: 28/28 MP: 3/6
  1821 | D:2      | Reached XP level 4. HP: 36/36 MP: 5/7
  2306 | D:2      | Found a deep blue altar of Sif Muna.
  2337 | D:2      | Became a worshipper of Sif Muna the Loreminder
  2640 | D:3      | Noticed Syneil's ghost (amateur SpMo)
  2677 | D:3      | HP: 1/36 [Syneil's ghost (7)]
  2684 | D:3      | Slain by Syneil's ghost

Vault maps used:
D:1:      arrival_zaba_pyramid, hangedman_decor_push, minivault_14
D:2:      marbit_many_paths, first_ration
D:3:      old_standard_altar

Skill      XL: |  1  2  3  4 |
---------------+-------------+-----
Stealth        | 2 |  2.7
Fighting       | 1 2 |  2.0
Conjurations   | 2 |  2.2
Dodging        | |  1.7
Spellcasting   | |  2.0
Air Magic      | |  3.7

Action                   |  1- 3 |  4- 6 || total
-------------------------+-------+-------++-------
Melee: Unarmed           |     2 |       ||     2
       Spear             |     3 |       ||     3
       Short sword       |     5 |     8 ||    13
       Tailslap          |       |     3 ||     3
 Cast: Shock             |    69 |    53 ||   122
  Use: Scroll            |     2 |     3 ||     5
  Eat: Chunk             |     4 |     3 ||     7
Armor: Skin              |    10 |    11 ||    21
Dodge: Dodged            |    26 |    23 ||    49

Table legend:
 A = Spawn XP
 B = Non-spawn XP
 C = Spawn XP percentage of total XP
 D = Spawn monster count
 E = Non-spawn monster count
 F = Spawn count percentage of total count
 G = Total turns spent on level
                    A         B        C        D         E        F      G
               +---------+---------+-------+---------+---------+-------+---------
         Total |       0 |     145 |   0.0 |       0 |      54 |   0.0 |  2684
               +---------+---------+-------+---------+---------+-------+---------
           D:1 |       0 |      39 |   0.0 |       0 |      20 |   0.0 |  1255
           D:2 |       0 |      92 |   0.0 |       0 |      27 |   0.0 |  1197
           D:3 |       0 |      14 |   0.0 |       0 |       7 |   0.0 |   232
               +---------+---------+-------+---------+---------+-------+---------
